 Dungeon Crawl Stone Soup version 0.17-a0-1378-g281efdd (webtiles) character file.

797 nubinia the Digger (level 7, 50/53 HPs)
             Began as a Green Draconian Earth Elementalist on June 13, 2015.
             Was a High Priest of Jiyva.
             Quit the game on level 7 of the Dungeon on June 14, 2015.
             The game lasted 00:40:25 (6723 turns).

nubinia the Digger (DrEE)                           Turns: 6723, Time: 00:40:25

Health: 50/53      AC: 12    Str:  9    XL:     7   Next: 58%
Magic:  14/14      EV: 13    Int: 18    God:    Jiyva [*****.]
Gold:   198        SH:  0    Dex: 12    Spells: 3 memorised, 9 levels left

rFire  . . .     SeeInvis .     b - +0 dagger (protect)
rCold  . . .     Clarity  .     (armour unavailable)
rNeg   . . .     SustAt   .     (no shield)
rPois  +         Gourm    .     (helmet restricted)
rElec  .         Spirit   .     (no cloak)
rCorr  +         Warding  .     (no gloves)
rMut   .         Stasis   .     n - +0 pair of boots
MR     .....                    (no amulet)
Stlth  ++........               (no ring)
                                (no ring)

@: not resistant to hostile enchantments, unstealthy
A: breathe noxious fumes, unfitting armour, poison resistance, cold-blooded, AC
+6
a: Breathe Noxious Fumes, Request Jelly, Jelly Paralyse, Slimify, Cure Bad
Mutation, Renounce Religion


You were on level 7 of the Dungeon.
You worshipped Jiyva.
Jiyva was extremely pleased with you.
You were not hungry.

You visited 1 branch of the dungeon, and saw 7 of its levels.

You collected 198 gold pieces.

Inventory:

Hand weapons
 b - a +0 dagger of protection (weapon)
 s - a +0 dagger
 x - a +1 dagger of holy wrath
Missiles
 a - 124 stones (quivered)
Armour
 n - a +0 pair of boots (worn)
Magical staves
 y - a cursed staff of cold {unknown}
Jewellery
 j - an uncursed ring of teleportation
 o - an uncursed ring of ice
Magical devices
 f - a wand of fireball (12)
Scrolls
 g - a scroll of recharging {unknown}
 h - a scroll of identify
 p - a scroll of noise {unknown}
 r - 3 scrolls of remove curse
 t - 2 scrolls of teleportation {unknown}
 u - a scroll of enchant armour {unknown}
 w - 2 scrolls of immolation {unknown}
Potions
 i - a potion of invisibility
 k - a potion of might
 l - 2 potions of agility
 v - a potion of poison
Books
 e - a book of Geomancy

   Spells                             Type                      Level
   a - Sandblast                      Earth                        1
   b - Stoneskin                      Transmutation/Earth          2
   c - Passwall                       Transmutation/Earth          3
   d - Stone Arrow                    Conjuration/Earth            3
   e - Petrify                        Transmutation/Earth          4
   f - Lee's Rapid Deconstruction     Earth                        5
Comestibles
 c - 4 bread rations
 d - 5 fruits
 m - 4 beef jerkies
 q - 3 meat rations


   Skills:
 + Level 1.6 Fighting
 + Level 1.5 Short Blades
 + Level 4.0 Dodging
 + Level 2.5 Stealth
 + Level 4.8 Spellcasting
 + Level 1.1 Transmutations
 + Level 5.3 Earth Magic


You had 9 spell levels left.
You knew the following spells:

 Your Spells              Type           Power        Failure   Level  Hunger
a - Sandblast             Erth           ###...       1%          1    None
b - Stoneskin             Trmt/Erth      ###.....     8%          2    #......
c - Stone Arrow           Conj/Erth      ##....       17%         3    ###....


Dungeon Overview and Level Annotations

Branches:
Dungeon (7/15)             Temple (0/1) D:4

Altars:
Gozag
Makhleb
Nemelex Xobeh
Yredelemnul
The Shining One
Jiyva

Annotations:
D:5 nuthulu's ghost, average GrFi
D:7 Dowan; Duvessa


Innate Abilities, Weirdness & Mutations

You can breathe blasts of noxious fumes.
Your lurid green scales are hard (AC +6).
Your body does not fit into most forms of armour.
Your system is resistant to poisons.
You are cold-blooded and may be slowed by cold attacks.


Message History

You feel a little less hungry.
You hear a distant slurping noise.
Jiyva appreciates your sacrifice.
You feel a little less hungry.
p - a scroll labeled ZUSOTY NAOFF Jiyva's power touches on your attributes.
An orc warrior and an orc wizard come into view.
Duvessa and Dowan come into view.
The orc wizard shouts!
Found a hand axe and a meat ration.
Duvessa shouts!
The orc wizard casts a spell at you. The magic dart hits you!
Dowan shouts!
Saving game... please wait.
Level annotation: Dowan; Duvessa Welcome back, nubinia the Green Draconian Earth Elementalist.
Slime for the Slime God!
Press ? for a list of commands and other information.
Are you sure you want to abandon this character and quit the game? (Confirm with "yes".)

.# #........ ..
#........ #
#.##.o.o....
#.##.#.........
#..............
........e...... ..
#..########
...###..........
......#@.........
J.... #............
... .####..........
.... .. #.....####.
.....#. #.....#
.....#.##.....#
###...>..###.##
..........##.##
###.......#..####..


You could see Duvessa, an orc warrior (wandering) and an orc wizard.

Vanquished Creatures
  An ogre (D:4)
  A scorpion (D:4)
  An orc priest (D:6)
  3 crimson imps
  A hound (D:5)
  Ijyb (D:1)
  3 iguanas
  A giant frog skeleton (D:5)
  4 worker ants
  2 hound zombies (D:5)
  2 hound skeletons (D:5)
  10 adders
  3 river rats
  5 worms
  3 giant geckos
  9 orcs
  9 bats
  A bat skeleton (D:7)
  2 giant cockroaches
  12 goblins
  9 hobgoblins
  8 jackals
  3 quokkas
  A ball python (D:3)
  7 giant newts
  6 kobolds
  10 rats
118 creatures vanquished.

Vanquished Creatures (others)
  A phantom (D:6)
  The ghost of Kidiri the Sneak, an average VSAE of Qazlal (D:4)
  A crimson imp (D:5)
  7 jellies
  An orc wizard (D:4)
  A worker ant (D:5)
  A worker ant zombie (D:4)
  An adder (D:3)
  7 river rats (D:4)
  An ooze (D:3)
  A worm (D:5)
  3 orcs
  2 bats
  A quokka (D:5)
  A giant cockroach (D:3)
  4 jackals
  3 kobolds
  12 rats
49 creatures vanquished.

Grand Total: 167 creatures vanquished

Notes
Turn   | Place    | Note
--------------------------------------------------------------
     0 | D:1      | nubinia the Draconian Earth Elementalist began the quest for the Orb.
     0 | D:1      | Reached XP level 1. HP: 14/14 MP: 3/3
   432 | D:1      | Reached XP level 2. HP: 11/20 MP: 0/5
   596 | D:1      | Learned a level 2 spell: Stoneskin
  1015 | D:1      | Reached XP level 3. HP: 26/26 MP: 6/6
  1020 | D:1      | Learned a level 3 spell: Stone Arrow
  1202 | D:2      | Noticed Ijyb
  1328 | D:1      | Killed Ijyb
  1637 | D:2      | Reached XP level 4. HP: 22/34 MP: 2/8
  2105 | D:2      | Reached skill level 4 in Earth Magic
  2291 | D:2      | Found a faded altar to an unknown god.
  2303 | D:2      | Became a worshipper of Jiyva Jylaum the Shapeless
  2303 | D:2      | Acquired Jiyva's first power
  2330 | D:2      | Reached XP level 5. HP: 34/39 MP: 9/9
  2391 | D:2      | Found a burning altar of Makhleb.
  2396 | D:2      | Acquired Jiyva's second power
  3466 | D:4      | Found a staircase to the Ecumenical Temple.
  3630 | D:4      | Gained mutation: You are agile. (Dex +2) [Jiyva's grace]
  3714 | D:4      | Reached XP level 6. HP: 24/46 MP: 6/11
  4055 | D:4      | Noticed an ogre
  4137 | D:4      | Killed an ogre
  4141 | D:4      | Noticed Kidiri's ghost (average VSAE)
  4238 | D:4      | Killed Kidiri's ghost
  4574 | D:4      | Acquired Jiyva's third power
  4576 | D:4      | Gained mutation: Your mind is acute. (Int +2) [Jiyva's grace]
  4596 | D:5      | Entered Level 5 of the Dungeon
  4787 | D:5      | Reached skill level 1 in Short Blades
  4844 | D:5      | Your scales start taking on a lurid green colour.
  4844 | D:5      | Gained mutation: Your system is resistant to poisons. [Green Draconian growth]
  4844 | D:5      | Reached XP level 7. HP: 51/51 MP: 13/13
  4964 | D:5      | Reached skill level 1 in Fighting
  5008 | D:5      | Noticed nuthulu's ghost (average GrFi)
  5029 | D:5      | Reached skill level 5 in Earth Magic
  5113 | D:5      | Found an opulent altar of Gozag.
  5114 | D:5      | Found a sparkling altar of Nemelex Xobeh.
  5578 | D:6      | Lost mutation: You are agile. (Dex +2) [Jiyva's grace]
  5830 | D:6      | Acquired Jiyva's fourth power
  5866 | D:6      | Lost mutation: Your mind is acute. (Int +2) [potion of cure mutation]
  5904 | D:6      | Found a glowing golden altar of the Shining One.
  5933 | D:6      | Found a basalt altar of Yredelemnul.
  5935 | D:6      | Noticed a profane servitor
  6674 | D:6      | Noticed an angel
  6720 | D:7      | Noticed Duvessa
  6720 | D:7      | Noticed Dowan
  6723 | D:7      | Upgraded the game from 0.17-a0-1373-g64d4c99 to 0.17-a0-1378-g281efdd
  6723 | D:7      | Quit the game

Vault maps used:
D:1:      denvon_arrival_planthouse, st_stairs_9
D:2:      lemuel_round_altar, ecumenical_altar_1, kennysheep_generic_room_9,
          uniq_iyjb
D:3:      small_statue_intersection, minmay_cut_off
D:4:      temple_doors_d, serial_forest, infiniplex_forest_straight_4,
          infiniplex_forest_straight_3, infiniplex_forest_end_double,
          infiniplex_forest_lined_4_way, infiniplex_forest_end_2,
          infiniplex_forest_lined_2, infiniplex_forest_clump_double,
          infiniplex_forest_end_2, infiniplex_forest_pool, first_bread,
          dk_rats_in_the_wall
D:5:      grunt_temple_overflow_opulence
D:6:      grunt_temple_overflow_holy_war
D:7:      serial_shops, shop, eino_jars, uniq_duvessa, uniq_joseph

Action                   |  1- 3 |  4- 6 |  7- 9 || total
-------------------------+-------+-------+-------++-------
Melee: Dagger            |   106 |   235 |   125 ||   466
 Cast: Sandblast         |    38 |   103 |    17 ||   158
       Stoneskin         |     3 |     4 |     1 ||     8
 Abil: Breathe Noxious F |       |       |     5 ||     5
  Use: Scroll            |     1 |     6 |       ||     7
       Potion            |       |     1 |     2 ||     3
 Stab: Sleeping          |     4 |     6 |     1 ||    11
       Confused          |       |       |     4 ||     4
  Eat: Chunk             |     3 |     7 |     1 ||    11
